 Dungeon Crawl Stone Soup version 0.23.1-42-g8abd8fc (webtiles) character file.

Game seed: 14573807962131185379

226 sagitran the Magician (level 6, -1/43 HPs)
             Began as a Human Wanderer on Mar 29, 2019.
             Slain by a gnoll
             ... wielding a +1 spear of distortion
              (10 damage)
             ... on level 3 of the Dungeon on Mar 30, 2019.
             The game lasted 00:28:40 (3357 turns).

sagitran the Magician (Human Wanderer)              Turns: 3357, Time: 00:28:41

Health: -1/43      AC:  3    Str: 14    XL:     6   Next: 22%
Magic:  0/11       EV: 12    Int: 13    God:
Gold:   105        SH:  3    Dex: 12    Spells: 2/12 levels left

rFire    + . .     SeeInvis +   g - +0 dagger
rCold    x . .     Gourm    .   (no shield)
rNeg     . . .     Faith    .   d - +0 robe
rPois    .         Spirit   .   (no helmet)
rElec    .         Reflect  +   b - +0 cloak
rCorr    .         Harm     .   (no gloves)
MR       .....                  (no boots)
Stlth    ++........             l - +3 amulet of reflection
HPRegen  0.14/turn              c - ring of see invisible
MPRegen  0.12/turn              o - ring of fire

@: very slightly contaminated
A: no striking features
a: no special abilities


You were on level 3 of the Dungeon.
You were not hungry.

You visited 1 branch of the dungeon, and saw 3 of its levels.

You collected 105 gold pieces.

Inventory:

Hand Weapons
 g - a +0 dagger (weapon)
Missiles
 a - 73 stones (quivered)
 m - a throwing net
Armour
 b - a +0 cloak (worn)
 d - a +0 robe (worn)
Jewellery
 c - a ring of see invisible (left hand)
 l - a +3 amulet of reflection (around neck)
 o - a ring of fire (right hand)
Scrolls
 h - a scroll of noise
Potions
 e - a potion of curing
 f - a potion of cancellation {unknown}
 i - 3 potions of haste
 k - a potion of degeneration {unknown}
 p - a potion of might {unknown}
Miscellaneous
 j - a crystal ball of energy


   Skills:
 + Level 1.5 Fighting
 + Level 1.9(2.0) Short Blades
   Level 1.0(1.5) Long Blades
 + Level 2.0 Dodging
 + Level 1.5 Stealth
   Level 1.0 Shields
 + Level 3.5 Spellcasting
 + Level 0.1 Conjurations
   Level 1.0 Ice Magic
 + Level 1.3 Air Magic
 + Level 1.8 Earth Magic
 + Level 2.4 Poison Magic


You had 2 spell levels left.
You knew the following spells:

 Your Spells              Type           Power        Failure   Level  Hunger
a - Sting                 Conj/Pois      #...         13%         1    #......
b - Sandblast             Erth           #.....       11%         1    #......
c - Poisonous Vapours     Pois/Air       #.....       16%         2    ##.....
d - Mephitic Cloud        Conj/Pois/Air  #.......     36%         3    ###....
e - Stone Arrow           Conj/Erth      #.....       41%         3    ###....

Your spell library contained the following spells:

 Spells                   Type           Power        Failure   Level  Hunger
 Olgreb's Toxic Radiance  Pois           #.......     63%         4    #####..
 Venom Bolt               Conj/Pois      #.........   98%         5    ######.


Dungeon Overview and Level Annotations

Branches:
Dungeon (3/15)

Altars:
Cheibriados
Dithmenos
Elyvilon
Hepliaklqana
Kikubaaqudgha
Yredelemnul
Zin
The Shining One


Message History

Aiming: Sandblast (safe; 11% risk of failure)
Press: ? - help, Shift-Dir - straight line, f/p - gnoll
Aim: a gnoll, wielding a +1 spear of distortion (severely wounded)
You miscast Sandblast.
You are very lightly contaminated with residual magic.
Nothing appears to happen.
The gnoll barely misses you.
Throwing (i - inventory. (/) - cycle)
a - 74 stones (quivered)
Press: ? - help, Shift-Dir - straight line, f/p - gnoll
Aim: a gnoll, wielding a +1 spear of distortion (severely wounded)
You throw a stone. The stone hits the gnoll.
The gnoll is severely wounded.
The gnoll hits you from afar with a +1 spear of distortion!
Space bends around you.
* * * LOW HITPOINT WARNING * * *
You feel better.
The gnoll hits you from afar with a +1 spear of distortion.
* * * LOW HITPOINT WARNING * * *
Your surroundings seem slightly different.
The gnoll hits you but does no damage. Space warps horribly around you!
You die...

#........#....#####..#.##.#
##...................#.##.#
#.##.####....######.#.##.#
#### #.##.#
#....##(..gg.....# ...#
#.##.# #....##.##########
...###....#
#.#####.##.....#
..........# #.# #.##.###.#
....###...####.#####.##.#
#.#
....####..#...<.@....##÷#
#.#
..................)..##.#
#.# ###
.....)...........g...##.#
#.# #..
♣....................##.#
#.# #.#
♣♣.......>..>........##.#
#.# #†#
.♣♣..................##.#
#.# #.#
..♣........############.#
#.# #.# ..♣........# #.#
#.# #.# _.♣....#####
#.###.# #.#


You could see a gnoll.

Vanquished Creatures
  6 gnolls
  6 adders
  6 worms
  3 dart slugs
  4 leopard geckos
  3 orcs (D:3)
  11 bats
  5 giant cockroaches
  5 goblins (D:3)
  4 hobgoblins
  3 jackals (D:2)
  4 quokkas (D:3)
  7 frilled lizards
  9 kobolds
  21 rats
97 creatures vanquished.

Notes
Turn   | Place    | Note
-------+----------+-------------------------------------------
     0 | D:1      | sagitran the Human Wanderer began the quest for the Orb.
     0 | D:1      | sagitran set off with the following items: a +0 club, a
                  | potion of lignification, a +0 robe, a ration; and the
                  | following spells available to memorise: Sting, Sandblast,
                  | Poisonous Vapours, Mephitic Cloud, Stone Arrow, Olgreb's
                  | Toxic Radiance, Venom Bolt
     0 | D:1      | Reached XP level 1. HP: 15/15 MP: 3/3
     2 | D:1      | Learned a level 1 spell: Sting
   293 | D:1      | Reached XP level 2. HP: 21/21 MP: 5/5
   305 | D:1      | Learned a level 1 spell: Sandblast
   308 | D:1      | Learned a level 2 spell: Poisonous Vapours
   726 | D:1      | Reached XP level 3. HP: 26/26 MP: 1/6
  1005 | D:1      | You fall through a shaft!
  1221 | D:2      | Reached XP level 4. HP: 23/32 MP: 3/8
  1339 | D:2      | Reached skill level 1 in Earth Magic
  1411 | D:2      | Found a basalt altar of Yredelemnul.
  1412 | D:2      | Found an ancient bone altar of Kikubaaqudgha.
  1414 | D:2      | Found a shadowy altar of Dithmenos.
  1416 | D:2      | Found a hazy altar of Hepliaklqana.
  1622 | D:2      | Reached skill level 3 in Spellcasting
  1622 | D:2      | Reached XP level 5. HP: 8/37 MP: 0/9
  1868 | D:2      | Learned a level 3 spell: Mephitic Cloud
  1928 | D:2      | Found a snail-covered altar of Cheibriados.
  1940 | D:2      | Reached skill level 1 in Short Blades
  2015 | D:2      | Learned a level 3 spell: Stone Arrow
  2102 | D:3      | Upgraded the game from 0.23.1-41-g7e51ed3 to
                  | 0.23.1-42-g8abd8fc
  2124 | D:2      | Reached skill level 1 in Air Magic
  2167 | D:3      | Found a white marble altar of Elyvilon.
  2167 | D:3      | Found a glowing golden altar of the Shining One.
  2168 | D:3      | Found a glowing silver altar of Zin.
  2816 | D:3      | Reached XP level 6. HP: 31/43 MP: 2/11
  3357 | D:3      | Slain by a gnoll

Skill      XL: |  1  2  3  4  5  6 |
---------------+-------------------+-----
Earth Magic    | 1 |  1.8
Spellcasting   | 3 |  3.5
Short Blades   | 1 |  1.9
Air Magic      | 1 |  1.3
Dodging        | 2 |  2.0
Fighting       | |  1.5
Long Blades    | |  1.0
Stealth        | |  1.5
Shields        | |  1.0
Conjurations   | |  0.1
Ice Magic      | |  1.0
Poison Magic   | |  2.4

Action                   |  1- 3 |  4- 6 || total
-------------------------+-------+-------++-------
Melee: Club              |    11 |       ||    11
       Dagger            |    74 |   189 ||   263
Throw: Stone             |       |     2 ||     2
 Cast: Sting             |     9 |    18 ||    27
       Sandblast         |    17 |    38 ||    55
       Poisonous Vapours |     5 |    30 ||    35
       Stone Arrow       |       |     2 ||     2
       Mephitic Cloud    |       |     1 ||     1
  Use: Potion            |     1 |     6 ||     7
       Scroll            |     2 |     3 ||     5
 Stab: Sleeping          |     1 |     1 ||     2
  Eat: Ration            |     1 |     3 ||     4
       Chunk             |       |     1 ||     1
Armor: Robe              |    15 |    41 ||    56
       Skin              |     5 |    18 ||    23
Dodge: Dodged            |    54 |   134 ||   188
Block: Other             |       |     4 ||     4
